 Dungeon Crawl Stone Soup version 0.28.0-53-g5a82cb258f (webtiles) character file.

Game seed: 797022080369262590

53 Infinimo the Cudgeller (level 3, 0/37 HPs)
             Began as an Ogre Gladiator on May 29, 2022.
             Slain by a giant cockroach (1 damage)
             ... on level 2 of the Dungeon.
             The game lasted 00:02:26 (3005 turns).

Infinimo the Cudgeller (Ogre Gladiator)             Turns: 3005, Time: 00:02:27

Health: 0/37       AC:  3    Str: 20    XL:     3   Next: 87%
Magic:  3/3        EV: 10    Int:  9    God:
Gold:   66         SH:  0    Dex: 10    Spells: 2/2 levels left

rFire   . . .      SeeInvis .   a - +0 flail
rCold   . . .      Faith    .   (no shield)
rNeg    . . .      Spirit   .   b - +0 robe
rPois   .          Reflect  .   c - +0 hat
rElec   .          Harm     .   (no cloak)
rCorr   .          Rampage  .   (gloves unavailable)
Will    .....                   (boots unavailable)
Stlth   +.........              (no amulet)
HPRegen 0.12/turn               (no ring)
MPRegen 0.08/turn               (no ring)

@: lethally poisoned (0 -> -9)
A: large, unfitting armour, tough skin 1
a: no special abilities


You were on level 2 of the Dungeon.
You visited 1 branch of the dungeon, and saw 2 of its levels.

You collected 99 gold pieces.
You spent 33 gold pieces at shops.

Inventory:

Hand Weapons
 a - a +0 flail (weapon)
 j - a +0 hunting sling
Missiles
 d - 3 throwing nets (quivered)
Armour
 b - a +0 robe (worn)
 c - a +0 hat (worn)
Scrolls
 f - 2 scrolls of identify {unknown}
 k - 2 scrolls of teleportation {unknown}
Potions
 e - 2 potions of attraction {unknown}
 i - a potion of brilliance {unknown}
 l - a potion of flight {unknown}


   Skills:
 + Level 3.5 Fighting
 * Level 3.5 Maces & Flails
 - Level 2.0 Throwing
 + Level 3.1 Dodging


You had 2 spell levels left.
You didn't know any spells.
Your spell library was empty.

Dungeon Overview and Level Annotations

Branches:
Dungeon (2/15)

Altars:
Sif Muna

Shops:
D:1 (


Innate Abilities, Weirdness & Mutations

You are too large for most types of armour.
You have tough skin. (AC +1)


Message History

You are poisoned.
The adder poisons you! The giant cockroach barely misses you.
The adder misses you.
You closely miss the adder.
The adder is almost dead.
You feel very sick. The giant cockroach misses you. The adder bites you.
You are more poisoned.
The adder poisons you! The giant cockroach closely misses you.
You miss the adder.
The adder is almost dead.
You feel sick. The adder bites you but does no damage.
The giant cockroach bites you. The adder bites you.
You closely miss the adder.
The adder is severely wounded.
You feel sick. The giant cockroach closely misses you. The adder bites you.
You are more poisoned.
The adder poisons you!
You are too injured to fight recklessly!
You closely miss the adder.
The adder is severely wounded.
You feel very sick. The adder closely misses you.
The giant cockroach bites you but does no damage.
The adder closely misses you. The giant cockroach barely misses you.
You closely miss the adder.
The adder is severely wounded.
You feel sick. The adder closely misses you.
The giant cockroach bites you but does no damage.
The adder bites you.
* * * LOW HITPOINT WARNING * * *
The giant cockroach barely misses you.
You hit the adder.
The adder is almost dead.
* * * LOW HITPOINT WARNING * * *
You feel sick. The adder bites you.
* * * LOW HITPOINT WARNING * * *
You are more poisoned.
The adder poisons you! The giant cockroach bites you.
You die...

..#####.## ####### ....##.#.## #.
#.....# ......###.####.##
#.###.#### ................# #.#
#..... ......###.####[.# # #.#
###### ....##.#.## #.. .# #.#
###.###.## #..###.# #.# # #.# ###
#......# #.# ###'## #S@B#
#.######## ##...## ###.#
#........# #.....## ### #.#
#..#####.# .......## ##.###.#
#.....##.#
........####...##.#######....##.#
........'.......................'
........###.......###.###....##.#
.......## #.#..##.# #.# #.......#
#.....## #.##.##.# #.# ####.####


You could see an adder and a giant cockroach.

Vanquished Creatures
  3 adders (D:2)
  A worm (D:2)
  2 endoplasms
  A giant cockroach (D:2)
  5 hobgoblins
  5 ball pythons
  4 bats
  A kobold (D:2)
  A rat (D:2)
23 creatures vanquished.

Notes
Turn   | Place    | Note
-------+----------+-------------------------------------------
     0 | D:1      | Infinimo the Ogre Gladiator began the quest for the Orb.
     0 | D:1      | Reached XP level 1. HP: 22/22 MP: 1/1
   853 | D:1      | Found a faded altar of an unknown god.
   887 | D:1      | Found Osyaruz's Antique Weapon Shoppe.
   988 | D:1      | Bought a hunting sling for 33 gold pieces
  1038 | D:2      | Found a shimmering blue altar of Sif Muna.
  1107 | D:2      | Reached XP level 2. HP: 13/31 MP: 2/2
  1820 | D:2      | Reached XP level 3. HP: 35/37 MP: 3/3
  3005 | D:2      | HP: 1/37 [adder (3)]
  3005 | D:2      | Slain by a giant cockroach

Illustrated notes

Levels and vault maps discovered:
D:1:      dpeg_arrival_chambers_temple_mockup, layout_basic, serial_shops,
          nicolae_shop_overgrown_old_shop, dilly_ecumenical_altar_fadedgnrine,
          serial_co_window_serial, co_window_of_opportunity_a,
          co_window_paths_b, co_window_paths_b, co_window_corner_a,
          co_window_paths_a, co_window_paths_c, co_window_corner_b,
          co_window_2corner, co_window_broadway_b, co_window_corner_cb,
          glass_columns_c, glass_columns_a, glass_columns_b
D:2:      layout_loops_corners, basic_altar

Skill      XL: |  1  2 |
---------------+-------+-----
Fighting       | 3 |  3.5
Maces & Flails | 3 |  3.5
Dodging        | 3 |  3.1
Throwing       | |  2.0

Action                   || total
-------------------------++-------
Melee: Flail             ||   103
       Punch             ||     2
  Use: Potion            ||     3
 Stab: Sleeping          ||     2
Armor: Robe              ||    36
Dodge: Dodged            ||    61
